TOP OF THE 1ST |
Chicago Machine batting - Pitching for Seattle Pikes : RHP Christian Camden
|
Pitching: RHP Christian Camden
|
|
Batting: RHB Gonzalo Gil
|
0-0: Ball 1-0: Called Strike 1-1: Ball 2-1: Swinging Strike 2-2: Ball 3-2: Ground out 1-6-3 (Groundball, 15S)
|
Batting: RHB Nick Harris
|
0-0: Ball 1-0: Ball 2-0: Called Strike 2-1: Ball 3-1: Base on Balls
|
Batting: RHB Doug Stephens
|
0-0: Ball 1-0: Ball Nick Harris steals 2nd base 2-0: Foul Ball, location: 2F 2-1: Ball 3-1: Base on Balls
|
Batting: LHB Edward Bennett
|
0-0: Foul Ball, location: 2F 0-1: Ball Nick Harris steals 3rd base 1-1: Foul Ball, location: 2F 1-2: Fly out, F6 (Popup, 6M)
|
Batting: SHB José Alomar
|
0-0: Called Strike 0-1: Ball 1-1: Foul Ball, location: 2F 1-2: Ball 2-2: Fly out, F5 (Popup, 56S)
|
Top of the 1st over - 0 runs, 0 hits, 0 errors, 2 left on base; Chicago 0 - Seattle 0 |
BOTTOM OF THE 1ST |
Seattle Pikes batting - Pitching for Chicago Machine : RHP Francisco Álvarez
|
Pitching: RHP Francisco Álvarez
|
|
Batting: SHB António Hernández
|
0-0: Ball 1-0: Called Strike 1-1: Ball 2-1: Fly out, F9 (Line Drive, 9)
|
Batting: RHB Randy Sheppard
|
0-0: Ball 1-0: Swinging Strike 1-1: Ball 2-1: Ball 3-1: Called Strike 3-2: Foul Ball, location: 2F 3-2: DOUBLE (Line Drive, 7LM)
|
Batting: LHB John Bond
|
0-0: Ball Throwing error on steal attempt, E2 Randy Sheppard scores 1-0: Called Strike 1-1: Ball 2-1: Fly out, F8 (Flyball, 8LM)
|
Batting: SHB Nate Rhodes
|
0-0: Called Strike 0-1: Foul Ball, location: 2F 0-2: Ball 1-2: Foul Ball, location: 2F 1-2: Foul Ball, location: 2F 1-2: Ball 2-2: Ball 3-2: Strikes out swinging
|
Bottom of the 1st over - 1 run, 1 hit, 1 error, 0 left on base; Chicago 0 - Seattle 1 |
TOP OF THE 2ND |
Chicago Machine batting - Pitching for Seattle Pikes : RHP Christian Camden
|
Batting: LHB Bernardo Montés
|
0-0: Ball 1-0: Called Strike 1-1: Ball 2-1: Foul Ball, location: 2F 2-2: Ball 3-2: Ground out 6-3 (Groundball, 6M)
|
Batting: RHB Roberto Tobías
|
0-0: Ball 1-0: Ball 2-0: Ball 3-0: Called Strike 3-1: Base on Balls
|
Batting: SHB Edward Bartlett
|
0-0: SINGLE (Groundball, 4D) Roberto Tobías to second
|
Batting: RHB Jesse McKnight
|
0-0: Called Strike 0-1: Ball 1-1: Ball 2-1: Ground out 3-1 (Groundball, 3D) Roberto Tobías to third Edward Bartlett to second
|
Batting: RHB Gonzalo Gil
|
0-0: Called Strike 0-1: Foul Ball, location: 2F 0-2: Foul Ball, location: 2F 0-2: Ground out 5-3 (Groundball, 56)
|
Top of the 2nd over - 0 runs, 1 hit, 0 errors, 2 left on base; Chicago 0 - Seattle 1 |
BOTTOM OF THE 2ND |
Seattle Pikes batting - Pitching for Chicago Machine : RHP Francisco Álvarez
|
Batting: RHB Murai Ishihara
|
0-0: Ball 1-0: Ball 2-0: SINGLE (Groundball, 4MD)
|
Batting: RHB Robert Johnson
|
0-0: Ball 1-0: Grounds into double play, 6-4-3 (Groundball, 6)
|
Batting: RHB Robinson Pacheco
|
0-0: Fly out, F9 (Flyball, 89S)
|
Bottom of the 2nd over - 0 runs, 1 hit, 0 errors, 0 left on base; Chicago 0 - Seattle 1 |
TOP OF THE 3RD |
Chicago Machine batting - Pitching for Seattle Pikes : RHP Christian Camden
|
Batting: RHB Nick Harris
|
0-0: Ball 1-0: Ball 2-0: Fly out, F9 (Line Drive, 9S)
|
Batting: RHB Doug Stephens
|
0-0: Called Strike 0-1: Ball 1-1: SINGLE (Line Drive, 4D)
|
Batting: LHB Edward Bennett
|
0-0: Ball 1-0: Ball 2-0: Foul Ball, location: 2F 2-1: SINGLE (Groundball, 4MD) Doug Stephens to second
|
Batting: SHB José Alomar
|
0-0: Fielders Choice at 2nd, 4-6 (Groundball, 34) Doug Stephens to third
|
Batting: LHB Bernardo Montés
|
0-0: Called Strike 0-1: Ball 1-1: Ball 2-1: Ground out 1-3 (Groundball, P)
|
Top of the 3rd over - 0 runs, 2 hits, 0 errors, 2 left on base; Chicago 0 - Seattle 1 |
BOTTOM OF THE 3RD |
Seattle Pikes batting - Pitching for Chicago Machine : RHP Francisco Álvarez
|
Batting: LHB Gary Kern
|
0-0: Ball 1-0: Ball 2-0: Called Strike 2-1: Ball 3-1: SINGLE (Groundball, 56D)
|
Batting: RHB Henning Huisman
|
0-0: Called Strike Gary Kern steals 2nd base 0-1: Foul Ball, location: 2F 0-2: DOUBLE (Flyball, 78D) Gary Kern scores
|
Batting: SHB António Hernández
|
0-0: Ball 1-0: Ball 2-0: Foul Ball, location: 2F 2-1: Ball 3-1: Foul Ball, location: 2F 3-2: Strikes out swinging
|
Batting: RHB Randy Sheppard
|
0-0: Ball 1-0: Called Strike 1-1: Swinging Strike 1-2: Foul Ball, location: 2F 1-2: Strikes out swinging
|
Batting: LHB John Bond
|
0-0: Ball 1-0: Foul Ball, location: 2F 1-1: Swinging Strike 1-2: Ball 2-2: Foul Ball, location: 2F 2-2: Foul Ball, location: 2F 2-2: Fly out, F8 (Flyball, 89M)
|
Bottom of the 3rd over - 1 run, 2 hits, 0 errors, 1 left on base; Chicago 0 - Seattle 2 |
TOP OF THE 4TH |
Chicago Machine batting - Pitching for Seattle Pikes : RHP Christian Camden
|
Batting: RHB Roberto Tobías
|
0-0: Called Strike 0-1: Hit by Pitch
|
Batting: SHB Edward Bartlett
|
0-0: Foul Ball, location: 2F 0-1: Ball 1-1: Ball 2-1: SINGLE (Groundball, 6D) Roberto Tobías to second
|
Batting: RHB Jesse McKnight
|
0-0: SINGLE (Groundball, 4MD) Roberto Tobías to third Edward Bartlett to second Runner from 3rd tries for Home, SAFE, throw made home
|
Batting: RHB Gonzalo Gil
|
0-0: Foul Ball, location: 2F 0-1: Swinging Strike 0-2: Ball 1-2: Fielders Choice at 2nd, 1-6 (Groundball, 13) Edward Bartlett to third
|
Batting: RHB Nick Harris
|
0-0: Ball Gonzalo Gil is caught stealing 2nd base 1-0: Ground out 3-1 (Groundball, 34)
|
Top of the 4th over - 1 run, 2 hits, 0 errors, 1 left on base; Chicago 1 - Seattle 2 |
BOTTOM OF THE 4TH |
Seattle Pikes batting - Pitching for Chicago Machine : RHP Francisco Álvarez
|
Batting: SHB Nate Rhodes
|
0-0: Ball 1-0: Foul Ball, location: 2F 1-1: Ball 2-1: Foul Ball, location: 2F 2-2: Foul Ball, location: 2F 2-2: DOUBLE (Flyball, 78XD)
|
Batting: RHB Murai Ishihara
|
0-0: Called Strike 0-1: Swinging Strike 0-2: Ground out 4-3 (Groundball, 4) Nate Rhodes to third
|
Batting: RHB Robert Johnson
|
0-0: Called Strike 0-1: Foul Ball, location: 2F 0-2: Ball 1-2: Ball 2-2: Strikes out looking
|
Batting: RHB Robinson Pacheco
|
0-0: Called Strike 0-1: Ball 1-1: Ball 2-1: Called Strike 2-2: SINGLE (Groundball, 3) (infield hit) Nate Rhodes scores
|
Batting: LHB Gary Kern
|
0-0: Called Strike 0-1: Ball 1-1: Swinging Strike 1-2: Strikes out looking
|
Bottom of the 4th over - 1 run, 2 hits, 0 errors, 1 left on base; Chicago 1 - Seattle 3 |
TOP OF THE 5TH |
Chicago Machine batting - Pitching for Seattle Pikes : RHP Christian Camden
|
Pitching: RHP Luis Libán
|
|
Batting: RHB Doug Stephens
|
0-0: Ball 1-0: Foul Ball, location: 2F 1-1: DOUBLE (Line Drive, 9LM)
|
Batting: LHB Edward Bennett
|
0-0: Ball 1-0: Called Strike 1-1: Ball 2-1: SINGLE (Groundball, 56D) Doug Stephens to third
|
Batting: SHB José Alomar
|
0-0: Called Strike 0-1: Called Strike Edward Bennett steals 2nd base 0-2: Foul Ball, location: 2F 0-2: Ball 1-2: Ball 2-2: Ball 3-2: Base on Balls
|
Batting: LHB Bernardo Montés
|
0-0: Called Strike 0-1: Called Strike 0-2: GRAND SLAM HOME RUN (Flyball, 9D), Distance : 390 ft
|
Pitching: LHP Rubén Rico
|
|
Batting: RHB Roberto Tobías
|
0-0: Called Strike 0-1: Called Strike 0-2: Strikes out swinging
|
Batting: SHB Edward Bartlett
|
0-0: Fly out, F9 (Flyball, 9S)
|
Batting: RHB Jesse McKnight
|
0-0: Ball 1-0: Ground out 6-3 (Groundball, 6)
|
Top of the 5th over - 4 runs, 3 hits, 0 errors, 0 left on base; Chicago 5 - Seattle 3 |
BOTTOM OF THE 5TH |
Seattle Pikes batting - Pitching for Chicago Machine : RHP Francisco Álvarez
|
Pitching: RHP Garrett Bell
|
|
Batting: RHB Henning Huisman
|
0-0: SINGLE (Groundball, 4MD)
|
Batting: SHB António Hernández
|
0-0: Called Strike 0-1: Ball 1-1: Foul Ball, location: 2F 1-2: Grounds into double play, 6-4-3 (Groundball, 6)
|
Batting: RHB Randy Sheppard
|
0-0: Ball 1-0: Ball 2-0: Called Strike 2-1: Foul Ball, location: 2F 2-2: Strikes out swinging
|
Bottom of the 5th over - 0 runs, 1 hit, 0 errors, 0 left on base; Chicago 5 - Seattle 3 |
TOP OF THE 6TH |
Chicago Machine batting - Pitching for Seattle Pikes : LHP Rubén Rico
|
Pinch Hitting: RHB Pablo Sandoval
|
0-0: Called Strike 0-1: Ball 1-1: Ball 2-1: Ball 3-1: Fly out, F8 (Flyball, 8LD)
|
Pinch Hitting: RHB Raúl Bauza
|
0-0: Foul Ball, location: 2F 0-1: SINGLE (Flyball, 78M)
|
Batting: RHB Doug Stephens
|
0-0: Foul Ball, location: 2F 0-1: Ball 1-1: SINGLE (Line Drive, 56D) Raúl Bauza to second
|
Pinch Hitting: RHB Tony Parker
|
0-0: Ball 1-0: Grounds into double play, 6-4-3 (Groundball, 6)
|
Top of the 6th over - 0 runs, 2 hits, 0 errors, 1 left on base; Chicago 5 - Seattle 3 |
BOTTOM OF THE 6TH |
Seattle Pikes batting - Pitching for Chicago Machine : RHP Garrett Bell
|
Now at SS: Wally Harris
|
|
Now in LF: Tony Parker
|
|
Now in RF: Ken Nelson
|
|
Batting: LHB John Bond
|
0-0: Ball 1-0: Ball 2-0: Ball 3-0: Called Strike 3-1: Foul Ball, location: 2F 3-2: Ground out 4-3 (Groundball, 4)
|
Batting: SHB Nate Rhodes
|
0-0: Called Strike 0-1: Ball 1-1: Ball 2-1: Foul Ball, location: 2F 2-2: Ball 3-2: Base on Balls
|
Batting: RHB Murai Ishihara
|
0-0: Ball 1-0: Ball 2-0: Called Strike 2-1: Ball 3-1: Base on Balls Nate Rhodes to second
|
Batting: RHB Robert Johnson
|
0-0: Called Strike 0-1: Foul Ball, location: 2F 0-2: Ball 1-2: Ball 2-2: Fielders Choice at 2nd, 3-6 (Groundball, 3) Nate Rhodes to third
|
Batting: RHB Robinson Pacheco
|
0-0: Called Strike 0-1: Fielders Choice at 2nd, 5-4 (Groundball, 56)
|
Bottom of the 6th over - 0 runs, 0 hits, 0 errors, 2 left on base; Chicago 5 - Seattle 3 |
TOP OF THE 7TH |
Chicago Machine batting - Pitching for Seattle Pikes : LHP Rubén Rico
|
Batting: LHB Héctor Soto
|
0-0: Foul Ball, location: 2F 0-1: Foul Ball, location: 2F 0-2: SINGLE (Line Drive, 56)
|
Pinch Hitting: RHB Will Lott
|
0-0: Ball 1-0: Called Strike 1-1: Ball 2-1: Swinging Strike 2-2: Ball 3-2: Foul Ball, location: 2F 3-2: Base on Balls Héctor Soto to second
|
Pinch Hitting: LHB Denny Poole
|
0-0: Ball 1-0: Ball 2-0: SINGLE (Groundball, 3D) Héctor Soto to third Will Lott to second
|
Pinch Hitting: LHB Tanyu Imai
|
0-0: Fly out, F4 (Popup, 4MD)
|
Batting: RHB Jesse McKnight
|
0-0: Called Strike 0-1: Foul Ball, location: 2F 0-2: Ball 1-2: GRAND SLAM HOME RUN (Line Drive, 7LD), Distance : 360 ft
|
Pitching: RHP José Jiménez
|
|
Batting: LHB Wally Harris
|
0-0: Ball 1-0: Ball 2-0: Called Strike 2-1: Ball 3-1: Base on Balls
|
Batting: LHB Ken Nelson
|
0-0: SINGLE (Groundball, 4MD) Wally Harris to second Runner from 2nd tries for 3rd, OUT!
|
Batting: RHB Doug Stephens
|
0-0: Fly out, F7 (Flyball, 7LMF)
|
Top of the 7th over - 4 runs, 4 hits, 0 errors, 1 left on base; Chicago 9 - Seattle 3 |
BOTTOM OF THE 7TH |
Seattle Pikes batting - Pitching for Chicago Machine : RHP Garrett Bell
|
Now at 1B: Denny Poole
|
|
Now at 3B: Jesús Ramírez
|
|
Now in CF: Tanyu Imai
|
|
Batting: LHB Gary Kern
|
0-0: Fly out, F8 (Line Drive, 8LD)
|
Batting: RHB Henning Huisman
|
0-0: Called Strike 0-1: DOUBLE (Line Drive, 8LD)
|
Pinch Hitting: LHB Roberto Lozano
|
0-0: Ball 1-0: Foul Ball, location: 2F 1-1: Foul Ball, location: 2F 1-2: Ball 2-2: Strikes out looking
|
Pinch Hitting: RHB Iván Gonzáles
|
0-0: Ball 1-0: Fly out, F8 (Flyball, 89D)
|
Bottom of the 7th over - 0 runs, 1 hit, 0 errors, 1 left on base; Chicago 9 - Seattle 3 |
TOP OF THE 8TH |
Chicago Machine batting - Pitching for Seattle Pikes : RHP José Jiménez
|
Now at 1B: Orlando Núñes
|
|
Now in CF: Roberto Lozano
|
|
Batting: RHB Tony Parker
|
0-0: Foul Ball, location: 2F 0-1: Swinging Strike 0-2: Foul Ball, location: 2F 0-2: Ball 1-2: SINGLE (Groundball, 56D)
|
Batting: LHB Héctor Soto
|
0-0: Ball 1-0: Ball 2-0: Fly out, F8 (Flyball, 8LXD)
|
Batting: SHB Jesús Ramírez
|
0-0: Foul Ball, location: 2F 0-1: Foul Ball, location: 2F 0-2: Ball Tony Parker steals 2nd base 1-2: Strikes out swinging
|
Batting: LHB Denny Poole
|
0-0: Called Strike 0-1: Ball 1-1: Foul Ball, location: 2F 1-2: 2-RUN HOME RUN (Flyball, 9LD), Distance : 342 ft
|
Batting: LHB Tanyu Imai
|
0-0: Ball 1-0: Swinging Strike 1-1: Ball 2-1: Foul Ball, location: 2F 2-2: Ball 3-2: Fly out, F8 (Flyball, 8RD)
|
Top of the 8th over - 2 runs, 2 hits, 0 errors, 0 left on base; Chicago 11 - Seattle 3 |
BOTTOM OF THE 8TH |
Seattle Pikes batting - Pitching for Chicago Machine : RHP Garrett Bell
|
Batting: LHB Richard Hunter
|
0-0: Ball 1-0: Foul Ball, location: 2F 1-1: Fly out, F5 (Popup, 25F)
|
Pinch Hitting: RHB Ray Ervin
|
0-0: Ball 1-0: Ball 2-0: Called Strike 2-1: SINGLE (Groundball, 6MD)
|
Pinch Hitting: RHB Pete Rideout
|
0-0: Swinging Strike 0-1: 2-RUN HOME RUN (Line Drive, 7LD), Distance : 365 ft
|
Batting: RHB Robert Johnson
|
0-0: Ball 1-0: Foul Ball, location: 2F 1-1: Foul Ball, location: 2F 1-2: Strikes out looking
|
Pinch Hitting: RHB António López
|
0-0: Called Strike 0-1: Ball 1-1: Ground out 4-3 (Groundball, 4)
|
Bottom of the 8th over - 2 runs, 2 hits, 0 errors, 0 left on base; Chicago 11 - Seattle 5 |
TOP OF THE 9TH |
Chicago Machine batting - Pitching for Seattle Pikes : RHP José Jiménez
|
Now at 2B: Pete Rideout
|
|
Now at 3B: António López
|
|
Now in LF: Ray Ervin
|
|
Batting: RHB Jesse McKnight
|
0-0: Ball 1-0: Ground out 4-3 (Groundball, 34)
|
Batting: LHB Wally Harris
|
0-0: Ball 1-0: Ball 2-0: Ground out 6-3 (Groundball, 56D)
|
Batting: LHB Ken Nelson
|
0-0: Ball 1-0: Foul Ball, location: 2F 1-1: SINGLE (Flyball, 78S)
|
Pinch Hitting: SHB Clint Woods
|
0-0: Ball 1-0: Ball 2-0: Ball 3-0: Called Strike 3-1: Foul Ball, location: 2F 3-2: Fly out, F8 (Line Drive, 78M)
|
Top of the 9th over - 0 runs, 1 hit, 0 errors, 1 left on base; Chicago 11 - Seattle 5 |
BOTTOM OF THE 9TH |
Seattle Pikes batting - Pitching for Chicago Machine : RHP Garrett Bell
|
Now at C: Clint Woods
|
|
Pinch Hitting: LHB John Nicholson
|
0-0: Ball 1-0: Foul Ball, location: 2F 1-1: Foul Ball, location: 2F 1-2: Foul Ball, location: 2F 1-2: Ball 2-2: Ball 3-2: Foul Ball, location: 2F 3-2: Foul Ball, location: 2F 3-2: Base on Balls
|
Pitching: RHP Manuel Montoya
|
|
Batting: RHB Henning Huisman
|
0-0: Called Strike 0-1: Ball 1-1: Swinging Strike 1-2: Foul Ball, location: 2F 1-2: Ball 2-2: Foul Ball, location: 2F 2-2: Foul Ball, location: 2F 2-2: Foul Ball, location: 2F 2-2: Fly out, F8 (Flyball, 8RXD)
|
Batting: LHB Roberto Lozano
|
0-0: Ball 1-0: Reached on error, E1 (Groundball, P) John Nicholson to second
|
Batting: RHB Orlando Núñes
|
0-0: Ball 1-0: Ball 2-0: Swinging Strike 2-1: Foul Ball, location: 2F 2-2: Strikes out swinging
|
Batting: LHB Richard Hunter
|
0-0: Called Strike 0-1: 3-RUN HOME RUN (Flyball, 9D), Distance : 375 ft
|
Batting: RHB Ray Ervin
|
0-0: Ball 1-0: Ground out 5-3 (Groundball, 56)
|
Bottom of the 9th over - 3 runs, 1 hit, 1 error, 0 left on base; Chicago 11 - Seattle 8 |
|